 Dungeon Crawl Stone Soup version 0.23.2 (webtiles) character file.

Game seed: 10030682564582157249

4934 Fang the Fighter (level 10, -13/66 HPs)
             Began as a Gargoyle Berserker on Apr 11, 2019.
             Was a High Priest of Trog.
             Mangled by a red devil
             ... wielding a +0 trident
             ... summoned by a kobold demonologist
              (21 damage)
             ... on level 9 of the Dungeon.
             The game lasted 00:10:40 (6991 turns).

Fang the Fighter (Gargoyle Berserker)               Turns: 6991, Time: 00:10:40

Health: -13/66     AC:  4    Str: 25    XL:     10   Next: 52%
Magic:  10/10      EV: 10    Int:  7    God:    Trog [*****.]
Gold:   484        SH:  0    Dex:  9    Spells: 9/9 levels left

rFire    . . .     SeeInvis .   a - +0 war axe
rCold    . . .     Gourm    .   (no shield)
rNeg     + . .     Faith    .   b - +1 plate armour
rPois    ∞         Spirit   .   (no helmet)
rElec    +         Reflect  .   t - +1 cloak
rCorr    .         Harm     .   (no gloves)
MR       ++...                  (no boots)
Stlth    ..........             j - amulet of regeneration
HPRegen  1.61/turn              (no ring)
MPRegen  0.12/turn              (no ring)

@: about to teleport, corroded, regenerating
A: negative energy resistance 1, electricity resistance, unbreathing,
petrification resistance, rot immunity, AC +7
a: Berserk, Trog's Hand, Brothers in Arms, Renounce Religion


You were on level 9 of the Dungeon.
You worshipped Trog.
Trog was extremely pleased with you.
You were hungry.

You visited 2 branches of the dungeon, and saw 10 of its levels.

You collected 484 gold pieces.

Inventory:

Hand Weapons
 a - a +0 war axe (weapon)
Armour
 b - a +1 plate armour (worn)
 t - a +1 cloak (worn)
Jewellery
 j - an amulet of regeneration (around neck)
Wands
 h - a wand of flame (15)
 o - a wand of enslavement (26)
Scrolls
 g - 3 scrolls of identify
 p - 3 scrolls of blinking
 q - 4 scrolls of remove curse
Potions
 d - a potion of mutation
 e - 4 potions of curing
 f - a potion of invisibility
 i - 2 potions of berserk rage
 m - 3 potions of agility
 r - 2 potions of magic
 u - 2 potions of flight
Comestibles
 c - 9 rations
 k - 3 chunks of flesh


   Skills:
 + Level 9.1 Fighting
 + Level 7.5 Axes
 + Level 8.6 Armour
 + Level 6.5 Dodging


You had 9 spell levels left.
You didn't know any spells.
Your spell library was empty.

Dungeon Overview and Level Annotations

Branches:
Dungeon (9/15)             Temple (1/1) D:6
   Lair: D:8-11         Orc: D:9-12

Altars:
Ashenzari
Elyvilon
Gozag
Hepliaklqana
Kikubaaqudgha
Qazlal
Ru
Uskayaw
Xom
The Shining One

Shops:
D:4 !


Innate Abilities, Weirdness & Mutations

You are resistant to torment.
Your stone body is resilient. (AC +7)
You are immune to poison.
You resist negative energy. (rN+)
You are resistant to electric shocks. (rElec)
You can survive without breathing.
You are immune to petrification.
You are immune to rotting.


Message History

You closely miss the white imp. The ufetubus hits you.
The ufetubus hits you but does no damage.
The kobold demonologist hits you but does no damage.
The white imp hits you but does no damage.
The ufetubus hits you but does no damage. x2
The white imp gestures at you. The puff of frost hits you!
* * * LOW HITPOINT WARNING * * *
The red devil hits you from afar with a +0 trident!
* * * LOW HITPOINT WARNING * * *
You feel better.
The ufetubus hits you but does no damage.
The ufetubus closely misses you.
The kobold demonologist barely misses you.
The white imp gestures at you. The puff of frost hits you!
* * * LOW HITPOINT WARNING * * *
The white imp hits you but does no damage.
The red devil hits you from afar with a +0 trident!!
You die...

.<. #.# #.. # #.# .#
#.####.# ####
#####......# ...
#..).).>...####
###5##)#)#).........
#.45@5.)(##.#.######
#.#K##.####.#.# ...
#.....<..# #.##
#####.#### #. #. #
.. ... #... #...


You could see a kobold demonologist, a red devil, 2 white imps and an ufetubus.

Vanquished Creatures
  An ugly thing (D:7)
  2 kobold demonologists (D:9)
  Prince Ribbit (D:6)
  A hippogriff (D:8)
  A steam dragon (D:8)
  Menkaure (D:5)
  Edmund (D:6)
  Duvessa (D:4)
  An orc warrior (D:6)
  4 sky beasts
  An ice beast (D:6)
  2 phantoms
  An ogre (D:6)
  Blork the orc (D:6)
  4 big kobolds
  2 bullfrogs
  Dowan (D:4)
  2 scorpions
  2 howler monkeys
  4 wights (D:8)
  4 crimson imps
  A bullfrog zombie (D:6)
  2 hounds
  3 jellies (D:7)
  8 orc priests
  Ijyb (D:5)
  5 orc wizards
  2 iguanas
  Natasha (thrice) (D:2)
  7 worker ants
  A howler monkey zombie (D:6)
  2 worker ant zombies (D:5)
  Robin (D:3)
  6 gnolls
  14 adders
  5 shadow imps
  3 oozes
  2 adder skeletons (D:6)
  5 worms
  3 dart slugs (D:1)
  5 leopard geckos
  35 orcs
  4 giant cockroaches
  13 goblins (D:3)
  6 hobgoblins
  6 jackals
  15 kobolds
  2 quokkas
  3 bats
  10 frilled lizards
  A jackal skeleton (D:7)
  5 rats
217 creatures vanquished.

Vanquished Creatures (others)
  Jessica (D:2)
1 creature vanquished.

Grand Total: 218 creatures vanquished

Notes
Turn   | Place    | Note
-------+----------+-------------------------------------------
     0 | D:1      | Fang the Gargoyle Berserker began the quest for the Orb.
     0 | D:1      | Reached XP level 1. HP: 14/14 MP: 1/1
    32 | D:1      | Reached XP level 2. HP: 15/19 MP: 2/2
   562 | D:1      | Reached XP level 3. HP: 22/24 MP: 3/3
  1105 | D:2      | Reached ** piety under Trog
  1151 | D:2      | Noticed Natasha
  1161 | D:2      | Reached XP level 4. HP: 17/29 MP: 4/4
  1163 | D:2      | Killed Natasha
  1163 | D:2      | Reached skill level 4 in Fighting
  1230 | D:2      | Killed Jessica
  1292 | D:2      | Found a white marble altar of Elyvilon.
  1534 | D:2      | Noticed Natasha
  1546 | D:2      | Killed Natasha
  1581 | D:2      | Noticed Natasha
  1593 | D:2      | Killed Natasha
  1593 | D:2      | Reached XP level 5. HP: 11/33 MP: 5/5
  2513 | D:3      | Reached XP level 6. HP: 36/39 MP: 6/6
  2625 | D:3      | Noticed Robin
  2662 | D:3      | Killed Robin
  2702 | D:3      | Found a hide-covered altar of Uskayaw.
  2799 | D:3      | Found a shattered altar of Ashenzari.
  2976 | D:4      | Found an ancient bone altar of Kikubaaqudgha.
  3062 | D:4      | Reached skill level 5 in Fighting
  3121 | D:4      | Reached XP level 7. HP: 44/44 MP: 7/7
  3131 | D:4      | Noticed Dowan
  3132 | D:4      | Noticed Duvessa
  3144 | D:4      | Reached *** piety under Trog
  3154 | D:4      | Killed Duvessa
  3157 | D:4      | Killed Dowan
  3199 | D:4      | Found Xyufidicia's Distillery.
  3350 | D:4      | Found a stormy altar of Qazlal.
  3374 | D:5      | Entered Level 5 of the Dungeon
  3448 | D:5      | Noticed Menkaure
  3459 | D:5      | Killed Menkaure
  3459 | D:5      | Reached skill level 5 in Armour
  3619 | D:5      | Reached XP level 8. HP: 51/51 MP: 8/8
  3776 | D:5      | Noticed Ijyb
  3802 | D:5      | Killed Ijyb
  3810 | D:5      | Reached skill level 6 in Fighting
  3904 | D:5      | Reached skill level 5 in Axes
  4013 | D:5      | Found an opulent altar of Gozag.
  4286 | D:6      | Reached **** piety under Trog
  4395 | D:6      | Noticed Blork the orc
  4426 | D:6      | Killed Blork the orc
  4426 | D:6      | Reached skill level 7 in Fighting
  4426 | D:6      | Reached XP level 9. HP: 54/57 MP: 9/9
  4496 | D:6      | Reached skill level 5 in Dodging
  4575 | D:6      | Found a staircase to the Ecumenical Temple.
  4584 | Temple   | Entered the Ecumenical Temple
  4590 | D:6      | Noticed Edmund
  4606 | D:6      | Killed Edmund
  4732 | D:6      | Noticed Prince Ribbit
  4775 | D:6      | Killed Prince Ribbit
  4910 | D:6      | Found a shimmering altar of Xom.
  5243 | D:7      | Noticed a red ugly thing
  5265 | D:7      | Killed a red ugly thing
  5265 | D:7      | Reached skill level 8 in Fighting
  5500 | D:7      | Reached ***** piety under Trog
  5684 | D:8      | Reached XP level 10. HP: 64/64 MP: 10/10
  5940 | D:8      | Found a hazy altar of Hepliaklqana.
  6086 | D:8      | Found a glowing golden altar of the Shining One.
  6139 | D:8      | Found a sacrificial altar of Ru.
  6924 | D:9      | Noticed a kobold demonologist
  6930 | D:9      | Noticed a sixfirhy
  6934 | D:9      | Noticed a kobold demonologist
  6936 | D:9      | Killed a kobold demonologist
  6946 | D:9      | Noticed a rust devil
  6954 | D:9      | Noticed a rust devil
  6954 | D:9      | Killed a kobold demonologist
  6954 | D:9      | Reached skill level 9 in Fighting
  6961 | D:9      | Noticed a kobold demonologist
  6962 | D:9      | Received a gift from Trog
  6967 | D:9      | Noticed a sixfirhy
  6976 | D:9      | Noticed a rust devil
  6991 | D:9      | Mangled by a red devil

Skill      XL: |  1  2  3  4  5  6  7  8  9 10 |
---------------+-------------------------------+-----
Axes           | 3 4 5 6 7 |  7.5
Dodging        | 2 3 4 5 6 |  6.5
Armour         | 3 4 5 6 7 8 |  8.6
Fighting       | 4 5 7 8 9 |  9.1

Action                   |  1- 3 |  4- 6 |  7- 9 | 10-12 || total
-------------------------+-------+-------+-------+-------++-------
Melee: Hand axe          |   130 |   275 |    99 |       ||   504
       War axe           |       |       |   346 |   208 ||   554
Invok: Berserk           |     1 |     3 |     7 |     1 ||    12
       Trog's Hand       |     1 |       |     1 |     1 ||     3
  Use: Scroll            |       |       |    14 |     2 ||    16
       Potion            |       |       |       |     2 ||     2
  Eat: Chunk             |     1 |    11 |    16 |     5 ||    33
Armor: Animal skin       |     9 |       |       |       ||     9
       Chain mail        |    62 |   161 |   171 |       ||   394
       Plate armour      |       |       |   210 |   237 ||   447
Dodge: Dodged            |    57 |   106 |   260 |   118 ||   541
